 Dungeon Crawl Stone Soup version 0.31-a0-221-gbddc013574 (webtiles) character file.

Game seed: 13222475072379471661

108965 funkygono the Executioner (level 16, -6/152 HPs)
             Began as a Minotaur Fighter on July 3, 2023.
             Was an Elder of Okawaru.
             Mangled by a naga warrior
             ... wielding a +0 halberd
              (22 damage)
             ... on level 4 of the Snake Pit on July 4, 2023.
             The game lasted 00:47:47 (22753 turns).

funkygono the Executioner (Minotaur Fighter)       Turns: 22753, Time: 00:47:48

Health: -6/152     AC: 30    Str: 29    XL:     16   Next: 3%
Magic:  16/18      EV: 13    Int: 11    God:    Okawaru [****..]
Gold:   1332       SH: 30    Dex: 10    Spells: 15/15 levels left

rFire   + + .        u - +3 broad axe (flame)
rCold   + + +        O - +3 tower shield {rC+}
rNeg    + . .        r - +6 chain mail of the Past {rC+ rN+ Regen+}
rPois   .            K - +3 crown of Dyrovepreva {rElec Int+2 SInv}
rElec   +            b - scarf "Diyqoydd" {rC+ rF+, rElec Int+4}
rCorr   .            N - +2 pair of gloves of the Tundras {rF+ rC+}
SInv    +            G - +1 pair of boots
Will    +....        x - amulet of reflection
Stlth   +            B - ring of flight
HPRegen 1.25/turn    (no ring)
MPRegen 0.16/turn

%: reflection
@: lethally poisoned (-6 -> -22), heroic, flying, studying Shields
A: horns 2, retaliatory headbutt, subdued magic 1
a: Renounce Religion, Heroism, Finesse


You were on level 4 of the Snake Pit.
You worshipped Okawaru.
Okawaru was greatly pleased with you.
You visited 5 branches of the dungeon, and saw 23 of its levels.
You visited the Abyss 1 time.
You also visited: Sewer, Bailey and Ice Cave.

You collected 2615 gold pieces.
You spent 1283 gold pieces at shops.

Inventory:

Hand Weapons
 u - a +3 broad axe of flaming (weapon)
 M - a +4 war axe of venom
Missiles
 j - 21 boomerangs (quivered)
 k - 11 javelins
 Q - 4 silver javelins
Armour
 b - the scarf "Diyqoydd" (worn) {rC+ rF+, rElec Int+4}
   (You acquired it on level 5 of the Dungeon)

   Int:       It affects your intelligence (+4).
   rElec:     It insulates you from electricity.
 c - the +1 cloak of the Sun {*Slow Regen+ Int+2 SInv}
   (Okawaru gifted it to you on level 1 of the Snake Pit)

   Int:       It affects your intelligence (+2).
   SInv:      It lets you see invisible.
   Regen:     It increases your rate of health regeneration.
   *Slow:     It may slow you when you take damage.
 r - the +6 chain mail of the Past (worn) {rC+ rN+ Regen+}
   (You found it on level 8 of the Dungeon)

   rC:        It protects you from cold.
   rN:        It protects you from negative energy.
   Regen:     It increases your rate of health regeneration.
 G - a +1 pair of boots (worn)
 K - the +3 crown of Dyrovepreva (worn) {rElec Int+2 SInv}
   (You bought it in a shop on level 2 of the Orcish Mines)

   Int:       It affects your intelligence (+2).
   rElec:     It insulates you from electricity.
   SInv:      It lets you see invisible.
 N - the +2 pair of gloves of the Tundras (worn) {rF+ rC+}
   (Okawaru gifted it to you on level 3 of the Abyss)

   rF:        It protects you from fire.
   rC:        It protects you from cold.
 O - a +3 tower shield of cold resistance (worn)
Jewellery
 x - an amulet of reflection (around neck)
 A - a ring of ice
 B - a ring of flight (left hand)
 E - an amulet of the acrobat
Wands
 a - a wand of mindburst (12)
 e - a wand of iceblast (14)
 o - a wand of paralysis (7)
 C - a wand of flame (17)
 H - a wand of acid (12)
Scrolls
 m - 4 scrolls of fog
 n - 3 scrolls of revelation
 p - 2 scrolls of fear
 t - 4 scrolls of blinking
 J - 8 scrolls of teleportation
Potions
 d - a potion of ambrosia
 f - 4 potions of mutation
 g - 8 potions of curing
 h - 3 potions of heal wounds
 i - a potion of berserk rage
 l - a potion of resistance {unknown}
 q - 5 potions of invisibility
 s - 6 potions of haste
 v - 3 potions of enlightenment
 w - a potion of magic {unknown}
 I - 7 potions of might


   Skills:
 + Level 16.5(21.5) Fighting
 + Level 22.2(27) Axes
 + Level 3.6(8.6) Throwing
 + Level 14.5(19.5) Armour
 + Level 6.0(11.0) Dodging
 + Level 2.7(7.7) Stealth
 + Level 18.6(23.6) Shields
 + Level 4.8 Invocations


You had 15 spell levels left.
You didn't know any spells.
Your spell library contained the following spells:

 Spells                   Type           Power      Damage    Failure   Level
 Apportation              Tloc           0%         N/A       67%         1
 Foxfire                  Conj/Fire      0%         2x1d4     67%         1
 Kiss of Death            Conj/Necr      0%         2d5       67%         1
 Magic Dart               Conj           0%         1d3       67%         1
 Necrotise                Necr           0%         1d4       67%         1
 Slow                     Hex            0%         N/A       67%         1
 Blink                    Tloc           0%         N/A       82%         2
 Ensorcelled Hibernation  Hex/Ice        0%         N/A       82%         2
 Searing Ray              Conj           0%         2d4       82%         2
 Confusing Touch          Hex            0%         N/A       96%         3
 Dazzling Flash           Conj/Hex       0%         N/A       96%         3
 Frozen Ramparts          Ice            0%         1d1       96%         3
 Mephitic Cloud           Conj/Pois/Air  0%         N/A       96%         3
 Portal Projectile        Hex/Tloc       0%         N/A       96%         3
 Spider Form              Tmut/Pois      0%         N/A       96%         3
 Vampiric Draining        Necr           0%         2d6       96%         3
 Volatile Blastmotes      Fire/Tloc      0%         2d10      96%         3
 Anguish                  Hex/Necr       0%         N/A       100%        4
 Cause Fear               Hex            0%         N/A       100%        4
 Dispel Undead            Necr           0%         3d6       100%        4
 Fulminant Prism          Conj/Hex       0%         3d5       100%        4
 Ice Form                 Ice/Tmut       0%         N/A       100%        4
 Iskenderun's Mystic Bla  Conj/Tloc      0%         2d3       100%        4
 Leda's Liquefaction      Hex/Erth       0%         N/A       100%        4
 Manifold Assault         Tloc           0%         N/A       100%        4
 Passage of Golubria      Tloc           0%         N/A       100%        4
 Blade Hands              Tmut           0%         N/A       100%        5
 Fireball                 Conj/Fire      0%         3d3       100%        5
 Silence                  Hex/Air        0%         N/A       100%        5
 Plasma Beam              Fire/Air       0%         2x1d10    100%        6
 Starburst                Conj/Fire      0%         6d3       100%        6
 Dragon Form              Tmut           0%         N/A       100%        7
 Enfeeble                 Hex            0%         N/A       100%        7
 Storm Form               Tmut/Air       0%         N/A       100%        7
 Lehudib's Crystal Spear  Conj/Erth      0%         10d2      100%        8
 Summon Small Mammal      Summ           Unusable   N/A       N/A         1
 Call Imp                 Summ           Unusable   N/A       N/A         2
 Call Canine Familiar     Summ           Unusable   N/A       N/A         3
 Animate Armour           Summ/Erth      Unusable   N/A       N/A         4
 Summon Ice Beast         Ice/Summ       Unusable   N/A       N/A         4
 Summon Lightning Spire   Summ/Air       Unusable   N/A       N/A         4
 Dragon's Call            Summ           Unusable   N/A       N/A         9

Dungeon Overview and Level Annotations

Branches:
Dungeon (11/15)            Temple (1/1) D:5            Lair (5/5) D:8
 Shoals (0/4) Lair:2        Snake (4/4) Lair:3        Slime (0/5) Lair:4
    Orc (2/2) D:10            Elf (0/3) Orc:2         Sewer (visited)
 Bailey (visited)           IceCv (visited)

Altars:
Cheibriados
Dithmenos
Fedhas
Gozag
Nemelex Xobeh
Okawaru
Wu Jian
Xom
Yredelemnul
Zin
Jiyva

Shops:
D:4 *[(   D:11 ?   Orc:1 *   Orc:2 *[:(

Portals:
Abyss: D:7

Annotations:
Snake:4 Asterion


Innate Abilities, Weirdness & Mutations

You have a pair of horns on your head.
You reflexively headbutt those who attack you in melee.
Your spells are a little easier to cast, but a little less powerful.


Message History

You block the +2 spectral demon blade's attack.
Asterion gores you! You block the naga warrior's attack.
A +2 spectral demon blade comes into view.
You slash Asterion! You burn Asterion.
Asterion is severely wounded.
You barely miss the shock serpent. You slice the green death!!
You burn the green death.
You carve the +2 spectral demon blade like a ham!!!
Asterion shares his spectral weapon's damage!
You burn the +2 spectral demon blade.
The +2 spectral demon blade disappears.
You feel sick. You block the shock serpent's attack.
Asterion conjures a destructive force in the name of Makhleb!
The bolt of fire hits you! You resist. The green death closely misses you.
You furiously retaliate!
You headbutt the green death.
The shock serpent bites you but does no damage.
Unknown command.
You carve the shock serpent like a ham!!!
You burn the shock serpent.
You kill the shock serpent!
Okawaru accepts your kill.
You slash the green death! You burn the green death.
Asterion blocks your attack.
The air sparks with electricity, shocking you!
You resist.
You feel sick. The naga warrior spits poison at you.
The splash of poison hits you but does no damage.
You are more poisoned.
Asterion mumbles some strange prayers to Makhleb.
Asterion seems to speed up.
The green death gestures at you. The bolt of poison hits you!!
You are more poisoned.
* * * LOW HITPOINT WARNING * * *
Asterion blocks your attack. x2
Asterion is severely wounded.
You slash the green death! You burn the green death.
* * * LOW HITPOINT WARNING * * *
You feel very sick.
The naga warrior hits you from afar with a +0 halberd!!
You die...

. ##### .
...###...###...
......2H.......
....⌠.)@.N⌠..(.
......)...(....
...###...###...
. ##### .


You could see Asterion (fast), a naga warrior (catching breath) and a green
death (summoned).

Vanquished Creatures
  Gastronok (D:8)
  Louise (Snake:3)
  The ghost of Arcades the Severer, a journeyman MiBe of Trog (Lair:5)
  2 orc warlords
  Aizul (Snake:1)
  A juggernaut skeleton (Abyss:3)
  A fire dragon (Lair:5)
  3 salamander tyrants
  A hydra (Lair:5)
  7 anacondas
  A centaur warrior (D:9)
  A boulder beetle (D:9)
  8 death yaks (Lair:3)
  4 two-headed ogres
  11 naga warriors
  3 naga sharpshooters
  2 shock serpents
  A thrashing horror (Abyss:3)
  2 orc high priests (Orc:2)
  The ghost of Anon1729 the Unbeliever, a novice DsGl (D:7)
  2 salamander mystics (Snake:2)
  2 sea snakes (Snake:3)
  2 lindwurms (Lair:5)
  3 naga ritualists
  2 bog bodies (IceCv)
  6 orc knights
  4 harpies (Lair:2)
  8 mana vipers
  2 orc sorcerers (Orc:2)
  11 salamanders
  2 cyclopes (D:9)
  A worldbinder (Abyss:3)
  A salamander (shapeshifter) (D:9)
  Maurice (Orc:1)
  2 guardian serpents
  11 elephants
  8 naga magi
  18 black mambas
  5 torpor snails (Lair:5)
  7 cane toads
  8 komodo dragons
  An ice statue (IceCv)
  A gargoyle (D:9)
  2 kobold demonologists (D:11)
  A rime drake (shapeshifter) (Abyss:3)
  2 rime drakes
  An anaconda simulacrum (IceCv)
  3 ancient zymes (Abyss:3)
  2 trolls
  Prince Ribbit (D:5)
  2 raiju
  3 tyrant leeches (Lair:5)
  A hornet (shapeshifter) (Abyss:3)
  9 polar bears
  7 hornets
  21 blink frogs
  A centaur simulacrum (D:11)
  A shadow (D:11)
  A flying skull (Abyss:3)
  A vampire (D:9)
  A large abomination (Abyss:3)
  32 yaks
  5 wyverns
  A ynoxinul (Abyss:3)
  5 basilisks
  2 wraiths
  2 chaos spawn (Abyss:3)
  2 steam dragons
  A vampire mosquito (D:9)
  A neqoxec (D:7)
  4 death yak simulacra (IceCv)
  Menkaure (D:6)
  2 harpy simulacra (IceCv)
  31 nagas
  6 wargs
  An acid dragon (D:9)
  15 water moccasins
  2 hydra simulacra (IceCv)
  3 ice beasts
  48 orc warriors
  Pargi (Sewer)
  2 black bears
  8 ogres
  7 wolves
  6 centaurs
  2 phantoms (D:5)
  7 bullfrogs
  4 kobold brigands
  A scorpion (D:5)
  A gnoll sergeant (D:9)
  10 two-headed ogre simulacra
  8 wights
  An elephant simulacrum (IceCv)
  24 killer bees
  8 howler monkeys
  A quasit (Abyss:3)
  4 hounds
  2 gnoll boudas
  19 orc priests
  2 sleepcaps
  22 orc wizards
  Ijyb (D:5)
  2 iguanas
  2 polar bear simulacra (IceCv)
  2 wolf simulacra (IceCv)
  3 small abominations
  5 spriggan simulacra (IceCv)
  6 troll simulacra (IceCv)
  3 gnolls (D:5)
  11 adders
  3 river rats (D:3)
  9 naga simulacra
  3 shadow imps
  10 white imps
  9 ufetubi
  A worm (D:2)
  5 dart slugs
  58 orcs
  13 ball pythons
  5 endoplasms
  3 giant cockroaches
  4 goblins
  6 hobgoblins
  21 kobolds
  4 quokkas
  8 bats
  3 frilled lizards
  12 rats
  2 spectral weapons (Snake:4)
739 creatures vanquished.

Vanquished Creatures (others)
  A naga (Snake:2)
  A kobold brigand (D:9)
  An orc (Bailey)
3 creatures vanquished.

Grand Total: 742 creatures vanquished

Notes
Turn   | Place    | Note
-------+----------+-------------------------------------------
     0 | D:1      | funkygono the Minotaur Fighter began the quest for the Orb.
     0 | D:1      | Reached XP level 1. HP: 19/19 MP: 0/0
   168 | D:1      | Reached XP level 2. HP: 25/27 MP: 1/1
   652 | D:2      | Reached XP level 3. HP: 32/33 MP: 2/2
   740 | D:2      | Reached skill level 3 in Axes
  1214 | D:2      | Reached XP level 4. HP: 40/40 MP: 3/3
  1733 | D:3      | Found a glowing drain.
  1745 | D:3      | HP: 2/41 [river rat (7)]
  1748 | D:3      | Reached skill level 1 in Dodging
  1894 | Sewer    | Entered a sewer
  1941 | Sewer    | Noticed Pargi
  1949 | Sewer    | Killed Pargi
  1950 | Sewer    | Reached skill level 4 in Axes
  1950 | Sewer    | Reached XP level 5. HP: 36/47 MP: 4/4
  2794 | D:4      | Noticed an ogre
  2802 | D:4      | Killed an ogre
  2803 | D:4      | Reached skill level 5 in Axes
  2803 | D:4      | Reached skill level 5 in Armour
  2803 | D:4      | Reached XP level 6. HP: 45/53 MP: 5/5
  2860 | D:4      | Found Nitiptel's Antique Armour Boutique.
  2924 | D:4      | Found Xosujom's Assorted Antiques.
  2953 | D:4      | Reached skill level 5 in Fighting
  3107 | D:4      | Found Wabastur's Weapon Emporium.
  3221 | D:4      | Found an iron altar of Okawaru.
  3223 | D:4      | Found a blossoming altar of Fedhas.
  3229 | D:4      | Became a worshipper of Warmaster Okawaru
  3351 | D:5      | Entered Level 5 of the Dungeon
  3408 | D:5      | Reached skill level 6 in Axes
  3408 | D:5      | Reached XP level 7. HP: 48/61 MP: 6/6
  3558 | D:5      | Noticed Prince Ribbit
  3567 | D:5      | Killed Prince Ribbit
  3567 | D:5      | Reached * piety under Okawaru
  3568 | D:5      | Reached skill level 7 in Axes
  3568 | D:5      | Reached skill level 5 in Shields
  3643 | D:5      | Found a shadowy altar of Dithmenos.
  3649 | D:5      | Reached XP level 8. HP: 65/70 MP: 7/7
  3750 | D:5      | Found a staircase to the Ecumenical Temple.
  3759 | Temple   | Entered the Ecumenical Temple
  3944 | D:5      | Noticed Ijyb
  3948 | D:5      | Found a snail-covered altar of Cheibriados.
  3966 | D:5      | Killed Ijyb
  4094 | D:5      | Identified 2 scrolls of acquirement
  4094 | D:5      | Acquired a manual of Axes
  4096 | D:5      | Acquired the scarf "Diyqoydd" {rC+ rF+, rElec Int+4}
  4253 | D:6      | Reached skill level 8 in Axes
  4625 | D:6      | Reached skill level 9 in Axes
  4628 | D:6      | Noticed Menkaure
  4635 | D:6      | Killed Menkaure
  5015 | D:6      | Reached skill level 10 in Axes
  5016 | D:6      | Reached ** piety under Okawaru
  5999 | D:7      | Found a flagged portal.
  6092 | Bailey   | Entered a bailey
  6152 | Bailey   | Reached XP level 9. HP: 27/78 MP: 8/8
  6159 | Bailey   | Reached skill level 11 in Axes
  6628 | Bailey   | Reached skill level 1 in Stealth
  6638 | Bailey   | Noticed an orc knight
  6648 | Bailey   | Killed an orc knight
  6649 | Bailey   | Reached skill level 12 in Axes
  6653 | Bailey   | Identified the +4 bardiche "Usiekkei" {heavy, rElec Int+2
                  | Dex+3 SInv}
  7048 | D:7      | Reached *** piety under Okawaru
  7055 | D:7      | Reached skill level 13 in Axes
  7275 | D:7      | Found a transporter.
  7353 | D:7      | Reached XP level 10. HP: 83/88 MP: 6/9
  7357 | D:7      | Reached skill level 14 in Axes
  7445 | D:7      | Noticed Anon1729's ghost (novice DsGl)
  7597 | D:7      | Found a transporter.
  8140 | D:7      | Gained mutation: Your spells are a little easier to cast,
                  | but a little less powerful. [a neqoxec]
  8163 | D:7      | Killed Anon1729's ghost
  8163 | D:7      | Reached **** piety under Okawaru
  8164 | D:7      | Reached skill level 15 in Axes
  8243 | D:7      | Found a one-way gate to the infinite horrors of the Abyss.
  8333 | D:8      | Identified the +5 long sword of Untruth {freeze, Fly Int-5
                  | Dex-2 Stlth+}
  8396 | D:8      | Found a staircase to the Lair.
  8398 | D:8      | Noticed a two-headed ogre
  8411 | D:8      | Killed a two-headed ogre
  8412 | D:8      | Reached skill level 10 in Armour
  8614 | D:8      | Identified the +6 chain mail of the Past {rC+ rN+ Regen+}
  8694 | D:8      | Reached skill level 16 in Axes
  8768 | D:8      | Noticed Gastronok
  8790 | D:8      | Killed Gastronok
  8791 | D:8      | Reached skill level 1 in Invocations
  8791 | D:8      | Reached XP level 11. HP: 80/97 MP: 8/10
  8858 | D:8      | Reached skill level 17 in Axes
  9122 | D:9      | Noticed a two-headed ogre
  9131 | D:9      | Killed a two-headed ogre
  9268 | D:9      | Noticed a two-headed ogre
  9273 | D:9      | Reached ***** piety under Okawaru
  9276 | D:9      | Killed a two-headed ogre
  9276 | D:9      | Received a gift from Okawaru
  9277 | D:9      | Reached skill level 18 in Axes
  9318 | D:9      | Noticed a boulder beetle
  9318 | D:9      | Noticed a centaur warrior
  9376 | D:9      | Killed a boulder beetle
  9425 | D:9      | Killed a centaur warrior
  9426 | D:9      | Reached skill level 10 in Fighting
  9666 | D:9      | Received a gift from Okawaru
  9788 | D:9      | Reached skill level 19 in Axes
 10005 | D:9      | Found a sparkling altar of Nemelex Xobeh.
 10087 | Lair:1   | Entered Level 1 of the Lair of Beasts
 10138 | Lair:1   | Identified the +0 chain mail of Wull {Dex+6}
 10295 | Lair:1   | Reached XP level 12. HP: 89/108 MP: 9/12
 10296 | Lair:1   | Reached skill level 10 in Shields
 10891 | Lair:2   | Identified the +0 chain mail of the Evening Star {Int-2
                  | Dex+6}
 10976 | Lair:2   | Identified the +3 leather armour of Howling Wind {rF+}
 11360 | Lair:2   | Reached skill level 1 in Throwing
 11454 | Lair:2   | Found a staircase to the Shoals.
 12074 | Lair:3   | Found an opulent altar of Gozag.
 12109 | Lair:3   | Found a staircase to the Snake Pit.
 12221 | Lair:3   | Noticed a death yak
 12222 | Lair:3   | Noticed a death yak
 12225 | Lair:3   | Noticed a death yak
 12226 | Lair:3   | Noticed a death yak
 12230 | Lair:3   | Killed a death yak
 12234 | Lair:3   | Killed a death yak
 12236 | Lair:3   | Killed a death yak
 12243 | Lair:3   | Killed a death yak
 12306 | Lair:3   | Reached XP level 13. HP: 98/118 MP: 11/14
 12344 | Lair:3   | Received a gift from Okawaru
 12463 | Lair:3   | Reached skill level 20 in Axes
 12465 | Lair:3   | Received a gift from Okawaru
 12965 | Lair:4   | Identified the +0 morningstar of Cheibriados's Regard
                  | {drain, rF++}
 13022 | Lair:4   | Found a viscous altar of Jiyva.
 13023 | Lair:4   | Found a staircase to the Slime Pits.
 13400 | Lair:4   | Received a gift from Okawaru
 13734 | Lair:5   | Entered Level 5 of the Lair of Beasts
 13785 | Lair:5   | Found a runed translucent door.
 13785 | Lair:5   | Noticed Arcades's ghost (journeyman MiBe)
 13907 | Lair:5   | Reached skill level 5 in Dodging
 14031 | Lair:5   | Found a runed translucent door.
 14031 | Lair:5   | Noticed a fire dragon
 14085 | Lair:5   | Paralysed by a hornet for 1 turns
 14260 | Lair:5   | Reached XP level 14. HP: 129/130 MP: 13/15
 14856 | Lair:5   | Killed Arcades's ghost
 14856 | Lair:5   | Received a gift from Okawaru
 15082 | D:10     | Entered Level 10 of the Dungeon
 15240 | D:10     | Found a staircase to the Orcish Mines.
 15262 | D:10     | Found an ornate altar of the Wu Jian Council.
 15700 | Orc:1    | Entered Level 1 of the Orcish Mines
 15816 | Orc:2    | Entered Level 2 of the Orcish Mines
 16052 | Orc:2    | Noticed an orc warlord
 16141 | Orc:2    | Killed an orc warlord
 16214 | Orc:2    | Paralysed by an orc sorcerer for 5 turns
 16250 | Orc:2    | Found Dicov's Book Boutique.
 16320 | Orc:2    | Found Entequf's Antique Armour Boutique.
 16355 | Orc:2    | Found Leottoso's General Store.
 16405 | Orc:2    | Found Cufokot's Antique Weapon Boutique.
 16424 | Orc:2    | Found a staircase to the Elven Halls.
 16975 | Orc:1    | Noticed an orc warlord
 16987 | Orc:1    | Killed an orc warlord
 16989 | Orc:1    | Reached skill level 21 in Axes
 17068 | Orc:1    | Noticed Maurice
 17077 | Orc:1    | Killed Maurice
 17144 | Orc:1    | Found Zuel's Gadget Gallery.
 17354 | D:11     | Found Othui's Magic Scroll Shop.
 17422 | D:11     | Found a frozen archway.
 17451 | IceCv    | Entered an ice cave
 18117 | D:11     | Reached skill level 15 in Fighting
 18538 | Orc:2    | Bought the +3 crown of Dyrovepreva {rElec Int+2 SInv} for
                  | 1283 gold pieces
 18538 | Orc:2    | Found the +3 crown of Dyrovepreva {rElec Int+2 SInv}
 18720 | Snake:1  | Entered Level 1 of the Snake Pit
 19062 | Snake:1  | Reached XP level 15. HP: 93/141 MP: 15/17
 19161 | Snake:1  | Noticed Aizul
 19176 | Snake:1  | Killed Aizul
 19176 | Snake:1  | Identified the +1 cloak of the Sun {*Slow Regen+ Int+2
                  | SInv} (Okawaru gifted it to you on level 1 of the Snake
                  | Pit)
 19176 | Snake:1  | Received a gift from Okawaru
 20349 | Snake:1  | Acquired a manual of Shields
 20354 | Snake:1  | Upgraded the game from 0.31-a0-219-g8d62b2e7bb to
                  | 0.31-a0-221-gbddc013574
 20474 | Snake:2  | Reached skill level 15 in Shields
 21367 | Snake:3  | Identified the +2 leather armour of Curruleaha {rF+ rC-
                  | Dex+6}
 21412 | Snake:3  | Reached skill level 22 in Axes
 21479 | Snake:3  | Noticed Louise
 21488 | Abyss:3  | Cast into level 3 of the Abyss (Louise)
 21629 | Abyss:3  | Identified the +2 pair of gloves of the Tundras {rF+ rC+}
                  | (Okawaru gifted it to you on level 3 of the Abyss)
 21629 | Abyss:3  | Received a gift from Okawaru
 21768 | Snake:3  | Escaped the Abyss
 21782 | Snake:3  | Killed Louise
 22263 | Snake:3  | Reached XP level 16. HP: 152/152 MP: 18/18
 22742 | Snake:4  | Entered Level 4 of the Snake Pit
 22742 | Snake:4  | Noticed Asterion
 22753 | Snake:4  | Mangled by a naga warrior

Illustrated notes

Levels and vault maps discovered:
D:1:      mrwooster_arrival_statue_3, layout_basic, minmay_statues_item,
          minmay_misc_feat_more_columns, minmay_tree_intersection
D:2:      layout_basic, serial_park_tiny_pond
D:3:      layout_basic, portal_sewer_entry_e
D:4:      layout_rooms, minitemple, serial_shops, shop, kennysheep_mini,
          nicolae_shop_advertising_works [nicolae_subvault_shop_adworks],
          minivault_24
D:5:      cheibrodos_helix_gallery, layout_rooms, kennysheep_slug_shrine,
          mainiacjoe_overflow_24_doors, minmay_temple_entry_slanted,
          item_on_display_a, uniq_prince_ribbit1, uniq_ijyb
D:6:      layout_layer_cave, uniq_menkaure
D:7:      layout_loops_corners, gammafunk_ghost_abyssal_escape, enter_bailey_8,
          st_stairs_1
D:8:      layout_rooms, erik_lair_orcish_takeover, amethyst_killhole,
          chequers_serial_rivers_micro_a, uniq_gastronok
D:9:      minmay_the_grid_3x2 [minmay_the_grid_minigrid_medium,
          minmay_the_grid_minigrid_small_alt, minmay_the_grid_garden,
          minmay_the_grid_eight, minmay_the_grid_gridbox,
          minmay_the_grid_prize_big_room], layout_loops_cross,
          nemelex_diamond_rough_becter, minmay_misc_feat_pillars,
          dreamdust_mushroom_princess
D:10:     layout_roguey, lemuel_tele_altar, minmay_orc_entry_guard_dogs
D:11:     layout_basic, portal_ice_cave_entry_ice_simulacra, serial_shops,
          nicolae_shop_rolled_up
Temple:   nicolae_temple_bog_church
Lair:1:   layout_cave_pods, cheibrodos_lair_reptile_den
Lair:2:   layout_hall_layers, nicolae_shoals_entry_roost, grunt_megastairs_3
Lair:3:   layout_misc_corridors, guppyfry_snake_entry_garden, basic_altar,
          cheibrodos_lair_lostbears
Lair:4:   layout_regular_city, slime_entry_1, infiniplex_staircase_pool_2
Lair:5:   wormcave, layout_loops_ring, hellmonk_ghost_happy_afterlife,
          nicolae_quartered_pool_medium
Snake:1:  layout_chambers, nicolae_snake_gridmaze_big_u, lemuel_fruit_tree,
          uniq_aizul
Snake:2:  layout_rooms
Snake:3:  layout_basic, uniq_louise
Snake:4:  snake_pit_salamanders_mu, layout_grid_shapes, grunt_megastairs_5,
          serial_bayou_shore_a, uniq_vashnia, uniq_asterion
Orc:1:    layout_caves, nicolae_shop_gadgets, uniq_maurice
Orc:2:    grunt_orc_cross, layout_caves, lemuel_statue_altar

Skill      XL: |  1  2  3  4  5  6  7  8  9 10 11 12 13 14 15 |
---------------+----------------------------------------------+-----
Fighting       | 4 5 6 7 9 10 12 13 15 16 | 16.5
Shields        | 4 5 6 7 8 9 11 12 14 18 | 18.6
Armour         | 4 5 6 7 9 10 12 13 14 | 14.5
Axes           | 3 4 5 6 7 10 13 16 19 20 21 22 | 22.2
Dodging        | 1 2 3 4 5 6 |  6.0
Stealth        | 1 2 |  2.7
Invocations    | 1 2 3 4 |  4.8
Throwing       | 2 3 |  3.6

Action                     |  1- 3 |  4- 6 |  7- 9 | 10-12 | 13-15 | 16-18 || total
---------------------------+-------+-------+-------+-------+-------+-------++-------
  Melee: War axe           |    95 |   120 |   222 |   200 |   333 |       ||   970
         Headbutt          |     9 |    14 |    36 |    92 |   273 |     3 ||   427
         Broad axe         |       |       |       |   249 |   837 |     6 ||  1092
  Throw: Boomerang         |       |       |       |    10 |    33 |       ||    43
 Invoke: Heroism           |       |       |     3 |    27 |    41 |     1 ||    72
  Evoke: Wand              |       |       |       |       |     1 |       ||     1
    Use: Scroll            |       |       |    16 |     7 |    10 |     2 ||    35
         Potion            |       |       |     1 |       |     2 |       ||     3
 Armour: Scale mail        |    60 |    38 |       |       |       |       ||    98
         Plate armour      |       |     9 |   113 |    31 |       |       ||   153
         Chain mail        |       |       |       |   140 |   347 |     7 ||   494
  Dodge: Dodged            |    46 |    56 |    62 |   147 |   299 |     7 ||   617
  Block: Buckler           |    28 |    40 |   130 |   225 |   360 |       ||   783
         Reflection        |       |       |    16 |     5 |    47 |     1 ||    69
         Tower shield      |       |       |       |       |   464 |    19 ||   483

Table legend: (Time is in decaauts)
 A = Elapsed time spent in this place.
 B = Non-inter-level travel time spent in this place.
 C = Inter-level travel time spent in this place.
 D = Time resting spent in this place.
 E = Time spent auto-exploring this place.
 F = Levels seen in this place.
 G = Mean time per level.
                   A        B        C        D        E       F      G
               +--------+--------+--------+--------+--------+-----+--------+
         Total |  22509 |  21314 |   1195 |    642 |  15230 |  27 |  833.7 |
       Dungeon |  10389 |   9948 |    441 |    336 |   7285 |  11 |  944.5 |
        Temple |     18 |      9 |      9 |      0 |      8 |   1 |   18.0 |
          Lair |   5063 |   4662 |    401 |      0 |   3808 |   5 | 1012.6 |
     Snake Pit |   3471 |   3265 |    206 |     82 |   2301 |   4 |  867.8 |
  Orcish Mines |   1612 |   1477 |    135 |     20 |    822 |   2 |  806.0 |
         Abyss |    266 |    266 |      0 |      0 |     91 |   1 |  266.0 |
         Sewer |    220 |    220 |      0 |      0 |    166 |   1 |  220.0 |
        Bailey |    839 |    839 |      0 |    204 |    464 |   1 |  839.0 |
      Ice Cave |    626 |    626 |      0 |      0 |    285 |   1 |  626.0 |
               +--------+--------+--------+--------+--------+-----+--------+

Top non-repeatable levels by time:
 Snake:1: 1763 daAuts
     D:6: 1741 daAuts
     D:7: 1504 daAuts
     D:3: 1227 daAuts
  Lair:5: 1194 daAuts
  Lair:2: 1173 daAuts
   Orc:2: 1031 daAuts
     D:9: 987 daAuts
  Lair:4: 948 daAuts
  Lair:1: 897 daAuts
     D:5: 887 daAuts
 Snake:3: 884 daAuts
     D:8: 864 daAuts
  Lair:3: 850 daAuts
  Bailey: 839 daAuts
